 Dungeon Crawl Stone Soup version 0.32-a0-938-g40ac7a0 (webtiles) character file.

Game seed: 12281072750616030785

223753 JaredAshtonScott the Severer (level 18, -3/154 HPs)
             Began as a Mountain Dwarf Fighter on Apr 19, 2024.
             Was an Initiate of Gozag.
             Slain by a +0 spectral quarterstaff (6 damage)
             ... created by a spriggan druid
             ... on level 4 of the Swamp.
             The game lasted 01:06:27 (41055 turns).

JaredAshtonScott the Severer (MDFi)                Turns: 41055, Time: 01:06:28

Health: -3/154     AC: 34    Str: 28    XL:     18   Next: 57%
Magic:  13/31      EV: -2    Int: 10    God:    Gozag
Gold:   1273       SH: 29    Dex: 13    Spells: 19/36 levels left

rFire   + . .        v - +9 war axe of Pamm {pain, *Rage rC++ Will+}
rCold   + + +        S - +4 tower shield of the Mashing Gods {Rampage Dex+4}
rNeg    + + .        Z - +8 plate armour of Nukueshys {rN+ Str+2}
rPois   +            Q - -2 hat of the Alchemist {rElec rPois rF+ rC+ rN+ Will+ rMut rCorr}
rElec   +            U - +1 cloak of Prudence {Slay+5 SInv}
rCorr   +            m - +2 pair of gloves {infuse}
SInv    +            d - +0 pair of boots {Stlth+}
Will    ++++.        o - amulet of reflection Stlth
                     q - ring of protection from cold
HPRegen 0.45/turn    G - +4 ring of protection
MPRegen 0.22/turn

%: random rage (20%), reflection, resist mutation, rampage, infuse magic (1 MP)
@: about to teleport, grasped by roots, on berserk cooldown, constricted, very
slow
A: runic magic, artefact enchanting, strong-willed 1, wild magic 1
}: 1/15 runes: serpentine
a: Renounce Religion, Potion Petition, Call Merchant, Bribe Branch


You were on level 4 of the Swamp.
You worshipped Gozag.
Gozag was most pleased with you.
You visited 6 branches of the dungeon, and saw 31 of its levels.
You also visited: Sewer, Gauntlet, Ice Cave and Volcano.

You collected 12274 gold pieces.
You spent 3714 gold pieces at shops.
You paid 7287 gold pieces to Gozag.

Inventory:

Hand Weapons
 a - a +7 war axe of freezing
 c - the +6 war axe of the Imperium {chaos, *Noise rC++}
   (You bought it in a shop on level 2 of the Orcish Mines)

   rC++:      It greatly protects you from cold.
   *Noise:    It may make a loud noise when swung.
 v - the +9 war axe of Pamm (weapon) {pain, *Rage rC++ Will+}
   (You found it on level 4 of the Snake Pit)

   rC++:      It greatly protects you from cold.
   Will+:     It increases your willpower.
   *Rage:     It berserks you when you make melee attacks (+20% chance).
 w - the +6 whip of Vurret {drain, rPois Will+ Str+3}
   (You found it on level 7 of the Dungeon)

   Str+3:     It affects your strength (+3).
   rPois:     It protects you from poison.
   Will+:     It increases your willpower.
Armour
 d - a +0 pair of boots of stealth (worn)
 m - a +2 pair of gloves of infusion (worn)
 y - a +2 tower shield of poison resistance
 M - the +1 robe of Vines {NoPotionHeal Regen++++}
   (You found it on level 2 of the Lair of Beasts)

   NoPotionHeal: Its wearer cannot be healed by potions.
   Regen++++: It increases your rate of health regeneration.
 Q - the -2 hat of the Alchemist (worn) {rElec rPois rF+ rC+ rN+ Will+ rMut rCorr}
   (You bought it in a shop on level 14 of the Dungeon)

   rF+:       It protects you from fire.
   rC+:       It protects you from cold.
   rElec:     It insulates you from electricity.
   rPois:     It protects you from poison.
   rN+:       It protects you from negative energy.
   Will+:     It increases your willpower.
   rCorr:     It protects you from acid and corrosion.
   rMut:      It protects you from mutation.
 S - the +4 tower shield of the Mashing Gods (worn) {Rampage Dex+4}
   (You took it off a minotaur in a Gauntlet)

   Dex+4:     It affects your dexterity (+4).
   Rampage:   It bestows one free step when moving towards enemies.
 U - the +1 cloak of Prudence (worn) {Slay+5 SInv}
   (You bought it in a shop on level 2 of the Orcish Mines)

   Slay+5:    It affects your accuracy & damage with ranged weapons and melee
   (+5).
   SInv:      It lets you see invisible.
 Z - the +8 plate armour of Nukueshys (worn) {rN+ Str+2}
   (You bought it in a shop on level 14 of the Dungeon)

   Str+2:     It affects your strength (+2).
   rN+:       It protects you from negative energy.
Jewellery
 o - an amulet of reflection (around neck)
 q - a ring of protection from cold (left hand)
 D - a ring of protection from fire
 G - a +4 ring of protection (right hand)
 L - the ring "Ceze" {Wiz ^Drain Str+5}
   (You took it off a minotaur in a Gauntlet)

   [ring of wizardry]

   Wiz:       It improves your spell success rate.
   Str+5:     It affects your strength (+5).
   ^Drain:    It drains your maximum health when unequipped.
 O - a ring of flight
 R - a ring of resist corrosion
 T - a ring of see invisible
Talismans
 e - a granite talisman
Wands
 h - a wand of polymorph (5)
 l - a wand of quicksilver (15)
 E - a wand of iceblast (8)
 F - a wand of flame (8)
 W - a wand of digging (13)
Scrolls
 b - a scroll of immolation
 f - a scroll of enchant weapon
 i - a scroll of amnesia
 j - 13 scrolls of teleportation
 p - 2 scrolls of vulnerability
 u - 2 scrolls of fog
 B - a scroll of fear
 Y - a scroll of torment
Potions
 g - a potion of resistance
 k - 2 potions of ambrosia
 n - 3 potions of heal wounds
 r - 3 potions of enlightenment
 s - 4 potions of cancellation
 t - 9 potions of curing
 x - 3 potions of haste
 z - 8 potions of mutation
 A - 6 potions of lignification
 C - a potion of invisibility
 K - a potion of brilliance
 N - a potion of berserk rage
 P - 2 potions of magic
 V - 3 potions of attraction
 X - a potion of might


   Skills:
 - Level 11.9 Fighting
 - Level 7.3 Long Blades
 - Level 19.1 Axes
 - Level 14.0 Armour
 - Level 3.7 Dodging
 - Level 4.0 Stealth
 - Level 18.6 Shields
 + Level 9.9 Spellcasting
 * Level 14.1 Necromancy
 - Level 3.0 Evocations


You had 19 spell levels left.
You knew the following spells:

 Your Spells              Type           Power      Damage    Failure   Level
a - Kiss of Death         Conj/Necr      96%        2d12      3%          1
b - Vampiric Draining     Necr           43%        2d9       1%          3
c - Dispel Undead         Necr           43%        3d17      2%          4
d - Curse of Agony        Necr           43%        N/A       5%          5
e - Anguish               Hex/Necr       12%        N/A       28%         4

Your spell library contained the following spells:

 Spells                   Type           Power      Damage    Failure   Level
 Necrotise                Necr           100%       1d9       1%          1
 Cigotuvi's Dreadful Rot  Necr/Alch/Air  36%        N/A       13%         2
 Death Channel            Necr           21%        N/A       24%         6
 Martyr's Knell           Necr/Summ      24%        N/A       28%         4
 Apportation              Tloc           12%        N/A       45%         1
 Magic Dart               Conj           24%        1d4       45%         1
 Shock                    Conj/Air       24%        1d4       45%         1
 Slow                     Hex            24%        N/A       45%         1
 Sting                    Conj/Alch      24%        1d4       45%         1
 Summon Small Mammal      Summ           24%        N/A       45%         1
 Blink                    Tloc           12%        N/A       58%         2
 Call Imp                 Summ           12%        N/A       58%         2
 Jinxbite                 Hex            12%        N/A       58%         2
 Lesser Beckoning         Tloc           12%        N/A       58%         2
 Mercury Vapours          Alch/Air       12%        N/A       58%         2
 Searing Ray              Conj           12%        2d4       58%         2
 Borgnjor's Vile Clutch   Necr/Erth      12%        N/A       58%         5
 Confusing Touch          Hex            6%         N/A       82%         3
 Frozen Ramparts          Ice            12%        1d2       82%         3
 Maxwell's Portable Pile  Tloc           6%         2d(5-15)  82%         3
 Ozocubu's Armour         Ice            6%         N/A       82%         3
 Swiftness                Air            6%         N/A       82%         3
 Teleport Other           Tloc           6%         N/A       82%         3
 Airstrike                Air            3%         2d(1-17)  99%         4
 Cause Fear               Hex            3%         N/A       99%         4
 Fulminant Prism          Conj/Alch      3%         3d5       99%         4
 Ignite Poison            Fire/Alch      6%         N/A       99%         4
 Olgreb's Toxic Radiance  Alch           6%         N/A       99%         4
 Vhi's Electric Charge    Tloc/Air       12%        N/A       99%         4
 Alistair's Intoxication  Alch           4%         N/A       100%        5
 Arcjolt                  Conj/Air       3%         1d13      100%        5
 Freezing Cloud           Conj/Ice/Air   3%         6-21      100%        5
 Iskenderun's Battlesphe  Conj           6%         2d6       100%        5
 Metabolic Englaciation   Hex/Ice        3%         N/A       100%        5
 Bombard                  Conj/Erth      3%         9d1       100%        6
 Eringya's Noxious Bog    Alch           3%         4d6       100%        6
 Plasma Beam              Fire/Air       3%         2x1d13    100%        6
 Enfeeble                 Hex            3%         N/A       100%        7
 Malign Gateway           Summ/Tloc      3%         N/A       100%        7
 Spellforged Servitor     Conj/Summ      3%         N/A       100%        7
 Animate Dead             Necr           Unusable   N/A       N/A         4

Dungeon Overview and Level Annotations

Branches:
Dungeon (15/15)            Temple (1/1) D:4            Lair (5/5) D:10
  Swamp (4/4) Lair:3        Snake (4/4) Lair:2        Slime (0/5) Lair:4
    Orc (2/2) D:10            Elf (0/3) Orc:2        Vaults (0/5) D:13
 Depths (0/4) D:15          Sewer (visited)           IceCv (visited)
Volcano (visited)         Gauntlet (visited)

Altars:
Ashenzari
Cheibriados
Dithmenos
Elyvilon
Fedhas
Gozag
Hepliaklqana
Kikubaaqudgha
Makhleb
Nemelex Xobeh
Okawaru
Qazlal
Ru
Sif Muna
Trog
Uskayaw
Vehumet
Wu Jian
Xom
Yredelemnul
Zin
The Shining One
Beogh
Jiyva

Shops:
D:4 :   D:14 [[   D:15 (   Orc:2 =*([   Lair:1 (   Lair:3 [   Lair:5 [
Swamp:3 =


Innate Abilities, Weirdness & Mutations

Your spellcasting is much less encumbered by armour.
You can use scrolls of enchantment on lesser artefacts.
You are strong-willed. (Will+)
Your spells are a little harder to cast, but a little more powerful.


Message History

You assume a fearsome visage.
The ice dragon looks frightened!
The four-headed hydra resists with almost no effort.
The seven-headed hydra resists with some effort.
The six-headed hydra looks frightened!
The five-headed hydra looks frightened!
The spriggan druid resists with some effort.
The swamp dragon looks frightened! x2; The swamp drake looks frightened!
The eight-headed hydra looks frightened!
The shambling mangrove is unaffected.
The swamp dragon looks frightened!
The swamp drake looks frightened!
The eight-headed hydra resists with some effort.
The swamp drake looks frightened!
The seven-headed hydra is no longer distracted by gold.
A tree reaches out and hits you!
* * * LOW HITPOINT WARNING * * *
A root smacks you from below!
* * * LOW HITPOINT WARNING * * *
A seven-headed hydra comes into view.
Unknown command.
As you read the scroll of teleportation, it crumbles to dust.
You feel strangely unstable. A root smacks you from below!
* * * LOW HITPOINT WARNING * * *
Roots burst forth from the earth!
The grasping roots grab you! The grasping roots constrict you.
* * * LOW HITPOINT WARNING * * *
You block the spriggan druid's attack.
The +0 spectral quarterstaff hits you but does no damage.
A +0 spectral quarterstaff comes into view.
You feel much better.
You feel yourself speed up.
The four-headed hydra is no longer moving slowly.
Trunks creak and shift.
A root smacks you from below!
* * * LOW HITPOINT WARNING * * *
Branches wave dangerously above you. A root smacks you from below!
* * * LOW HITPOINT WARNING * * *
You block the spriggan druid's attack. The +0 spectral quarterstaff hits you.
You die...
Your body crumbles into a pile of gold.

~~.~~~~..♣#
.♣♣~~~~~..# ..D.!D# .
♣~~§~~~~♣♣# ..k.k# .
♣♣♣♣♣...~~# ....# ~..
♣~.~~.~♣##k..##♣~~~
♣♣.~~~§$~##D##~~~§~
♣♣~~..~kDD~.~.~~~~
♣♣♣♣~~$f♣~♣~.~~~~ ♣♣
♣§.~.D~Di@.~~.§~~ ~♣
♣.~.~~$~D(~♣♣.~~. ~♣
♣~~~D.~~~~.♣ ~ .♣
♣~.~~~~~.~..♣ ♣♣♣♣
♣§~~~~~~~~~~♣ ~~.♣♣
♣.~~.~~~.~~~~. ~~~.♣
♣.~..~~~~..~..♣
~~~.♣♣<[....~~~..♣..♣
.§~~.♣ ~...♣~~.♣♣♣..♣


You could see a shambling mangrove, an ice dragon (fleeing), an eight-headed
hydra, a seven-headed hydra, a four-headed hydra, 3 swamp dragons, a spriggan
druid, 3 swamp drakes and a +0 spectral quarterstaff (wandering).

Vanquished Creatures
  Jorgrun (Swamp:3)
  Rupert (Orc:2)
  Frances (D:14)
  2 thorn hunters
  Agnes (D:15)
  A fenstrider witch (Swamp:3)
  Roxanne (D:14)
  A storm dragon (D:14)
  4 nagarajas
  3 orc warlords
  6 eleionomae
  A minotaur (Gauntlet)
  A bunyip (Swamp:3)
  A dire elephant (Lair:5)
  Azrael (Snake:3)
  Snorg (Orc:2)
  An ettin (D:13)
  A shambling mangrove (Swamp:3)
  A vault guard (D:13)
  11 hydras
  4 salamander tyrants
  Erolcha (D:13)
  8 centaur warriors
  Harold (Orc:1)
  2 ogre magi (D:15)
  A radroach (Lair:5)
  3 catoblepae
  8 anacondas
  9 alligators
  2 boulder beetles
  16 two-headed ogres
  7 death yaks
  A deep troll earth mage (D:15)
  An orc high priest (Orc:1)
  5 tengu warriors
  Urug (D:10)
  6 shock serpents
  15 naga sharpshooters
  14 naga warriors
  Nergalle (Orc:2)
  6 skeletal warriors (D:15)
  6 salamander mystics
  A goliath frog (Swamp:3)
  2 skysharks (Lair:5)
  A deep troll (D:15)
  A deep elf archer (D:13)
  A bog body (Swamp:1)
  9 mana vipers
  A glowing orange brain (Gauntlet)
  11 naga ritualists
  An arcanist (D:15)
  3 swamp dragons (Swamp:4)
  2 spriggan druids (Swamp:1)
  Pikel (D:5)
  4 necromancers
  A deep elf pyromancer (D:13)
  8 orc knights
  7 ugly things
  3 orc sorcerers (Orc:2)
  4 manticores
  16 elephants
  4 will-o-the-wisps
  2 oklob plants
  5 cyclopes
  45 black mambas
  23 salamanders
  4 guardian serpents
  11 centaur zombies (D:15)
  An ice statue (IceCv)
  A rust devil (Gauntlet)
  23 naga magi
  3 molten gargoyles (Volcano)
  10 cane toads
  2 torpor snails
  2 gargoyles
  An unseen horror (shapeshifter) (D:14)
  Maggie (Lair:2)
  2 rime drakes
  6 komodo dragons
  2 minotaur zombies (Gauntlet)
  2 yaktaurs
  3 anaconda simulacra (IceCv)
  An unseen horror (D:13)
  5 freezing wraiths
  13 ice devils (IceCv)
  4 efreet
  A merfolk (Lair:5)
  7 trolls
  11 hornets
  2 polar bears (Lair:5)
  A polar bear (shapeshifter) (D:13)
  A queen bee (shapeshifter) (D:15)
  Prince Ribbit (Lair:2)
  A tarantella (shapeshifter) (D:13)
  7 tyrant leeches
  5 dream sheep (Lair:4)
  18 blink frogs
  10 slime creatures
  A vampire (D:10)
  The ghost of bochi the Chiller, an amateur OnIE (D:3)
  7 spriggans
  16 humans (D:13)
  3 wyverns
  5 basilisks
  2 shadows
  40 yaks
  3 wraiths (D:15)
  A ynoxinul (Gauntlet)
  9 fire elementals
  A human (shapeshifter) (D:14)
  3 death yak simulacra (IceCv)
  2 wargs (Orc:2)
  6 vampire mosquitoes (Swamp:2)
  3 steam dragons
  18 swamp worms
  A harpy simulacrum (IceCv)
  37 nagas
  2 hydra simulacra (IceCv)
  An acid dragon (D:13)
  12 water moccasins
  4 hell hounds (Snake:3)
  5 black bears
  2 hornet zombies (D:15)
  3 sky beasts
  24 orc warriors
  A laughing skull (D:15)
  3 swamp drakes
  13 ogres
  25 wolves
  9 centaurs
  4 lemures (D:5)
  2 phantoms
  A kobold brigand (D:6)
  3 earth elementals (Volcano)
  A two-headed ogre simulacrum (IceCv)
  4 cane toad simulacra (IceCv)
  2 scorpions
  9 bullfrogs
  10 wights
  2 troll zombies (D:10)
  3 elephant simulacra (IceCv)
  7 killer bees
  2 electric eels
  3 howler monkeys
  3 hounds
  A bombardier beetle (D:6)
  3 gnoll boudas
  2 jellies
  19 orc priests
  4 iron imps (Gauntlet)
  3 iguanas
  21 orc wizards
  A troll simulacrum (IceCv)
  4 hell rats (Lair:3)
  4 polar bear simulacra (IceCv)
  8 wolf simulacra
  A spriggan simulacrum (IceCv)
  6 ogre zombies (D:10)
  17 gnolls
  15 adders
  A river rat (D:5)
  A naga simulacrum (IceCv)
  4 white imps
  3 ufetubi
  13 dart slugs
  3 ribbon worms
  An adder simulacrum (D:3)
  55 orcs
  19 endoplasms
  16 giant cockroaches
  6 goblins
  8 hobgoblins
  4 jackals (D:4)
  14 kobolds
  4 quokkas
  24 ball pythons
  2 ball python simulacra (D:3)
  7 bats
  14 frilled lizards
  6 gnoll skeletons (D:10)
  5 gnoll zombies (D:10)
  4 orc skeletons (D:10)
  10 orc zombies (D:10)
  A quokka simulacrum (D:3)
  6 rats
  A butterfly (Lair:4)
1137 creatures vanquished.

Vanquished Creatures (collateral kills)
  An alligator (Swamp:2)
  A salamander (Snake:2)
  A guardian serpent (Snake:2)
3 creatures vanquished.

Vanquished Creatures (others)
  An ogre mage (Orc:2)
  A salamander (Snake:2)
  A naga mage (Snake:1)
  A bloated husk (Swamp:2)
  A swamp worm (Swamp:2)
  A naga (Snake:3)
  An orc priest (Orc:2)
  An orc (D:14)
  13 foxfires
21 creatures vanquished.

Grand Total: 1161 creatures vanquished

Notes
Turn   | Place    | Note
-------+----------+-------------------------------------------
     0 | D:1      | JaredAshtonScott the Mountain Dwarf Fighter began the quest
                  | for the Orb.
     0 | D:1      | Reached XP level 1. HP: 19/19 MP: 1/1
   109 | D:1      | Reached skill level 3 in Axes
   111 | D:1      | Reached XP level 2. HP: 24/26 MP: 2/2
  1019 | D:2      | Reached XP level 3. HP: 31/31 MP: 3/3
  1185 | D:2      | Reached skill level 4 in Axes
  1501 | D:2      | Reached XP level 4. HP: 14/38 MP: 4/4
  1680 | D:2      | Found a faded altar of an unknown god.
  2154 | D:2      | Reached skill level 5 in Axes
  2525 | D:3      | Found a runed translucent gate.
  2591 | D:3      | Noticed bochi's ghost (amateur OnIE)
  2603 | D:3      | Reached XP level 5. HP: 45/45 MP: 5/5
  2691 | D:3      | Found a runed translucent gate.
  2691 | D:3      | Found a runed translucent gate.
  2934 | D:4      | Found Gigapeh's Book Shop.
  3022 | D:4      | Found a sparkling altar of Nemelex Xobeh.
  3102 | D:4      | Found a staircase to the Ecumenical Temple.
  3116 | Temple   | Entered the Ecumenical Temple
  3128 | D:4      | Noticed an ogre
  3136 | D:4      | Killed an ogre
  3137 | D:4      | Reached skill level 6 in Axes
  3137 | D:4      | Reached skill level 5 in Shields
  3137 | D:4      | Reached XP level 6. HP: 6/51 MP: 6/6
  3623 | D:5      | Entered Level 5 of the Dungeon
  3667 | D:5      | Noticed a water moccasin
  3694 | D:5      | Killed a water moccasin
  3695 | D:5      | Reached skill level 7 in Axes
  3695 | D:5      | Found a glowing drain.
  3708 | D:5      | Reached XP level 7. HP: 8/57 MP: 7/7
  3881 | Sewer    | Entered a sewer
  4004 | Sewer    | Reached skill level 8 in Axes
  4460 | D:5      | Found a snail-covered altar of Cheibriados.
  4499 | D:5      | Found a burning altar of Makhleb.
  4512 | D:5      | Noticed Pikel
  4563 | D:5      | Killed Pikel
  4564 | D:5      | Reached skill level 10 in Axes
  4564 | D:5      | Reached XP level 8. HP: 18/63 MP: 8/8
  5374 | D:6      | Reached skill level 11 in Axes
  5586 | D:6      | Reached XP level 9. HP: 59/70 MP: 9/9
  5949 | D:6      | Reached skill level 12 in Axes
  6465 | D:6      | Found a shimmering altar of Xom.
  7094 | D:7      | Gained mutation: You are strong-willed. (Will+) [potion of
                  | mutation]
  7094 | D:7      | Gained mutation: Your spells are a little harder to cast,
                  | but a little more powerful. [potion of mutation]
  7270 | D:7      | Reached skill level 13 in Axes
  7615 | D:7      | Found a radiant altar of Vehumet.
  7733 | D:7      | Identified the +6 whip of Vurret {drain, rPois Will+ Str+3}
  8106 | D:8      | Reached skill level 14 in Axes
  8106 | D:8      | Reached XP level 10. HP: 47/77 MP: 10/10
  8108 | D:8      | Reached skill level 10 in Shields
  8844 | D:8      | Reached skill level 15 in Axes
  8889 | D:8      | Found a bloodstained altar of Trog.
  9572 | D:9      | Found a shimmering blue altar of Sif Muna.
  9966 | D:10     | Entered Level 10 of the Dungeon
 10005 | D:10     | Reached skill level 16 in Axes
 10084 | D:10     | Found a staircase to the Orcish Mines.
 10105 | D:10     | Reached XP level 11. HP: 63/82 MP: 11/11
 10542 | D:10     | Noticed Urug
 10552 | D:10     | Killed Urug
 10655 | D:10     | Found an opulent altar of Gozag.
 10720 | D:10     | Became a worshipper of Gozag Ym Sagoz the Greedy
 10877 | D:10     | Found a staircase to the Lair.
 10946 | D:10     | Found a hazy altar of Hepliaklqana.
 10946 | D:10     | Found a stormy altar of Qazlal.
 11028 | Lair:1   | Entered Level 1 of the Lair of Beasts
 11049 | Lair:1   | Noticed an oklob plant
 11076 | Lair:1   | Killed an oklob plant
 11077 | Lair:1   | Reached skill level 17 in Axes
 11150 | Lair:1   | Found a frozen archway.
 11183 | IceCv    | Entered an ice cave
 11417 | IceCv    | HP: 1/84 [freezing wraith (9)]
 11907 | IceCv    | Reached skill level 5 in Fighting
 11907 | IceCv    | Reached skill level 5 in Armour
 12086 | IceCv    | Found an ancient bone altar of Kikubaaqudgha.
 13006 | IceCv    | Reached XP level 12. HP: 59/100 MP: 12/12
 14088 | Lair:1   | Learned a level 1 spell: Kiss of Death
 14162 | Lair:1   | Reached skill level 1 in Necromancy
 14456 | Lair:2   | Noticed Maggie
 14462 | Lair:2   | Reached skill level 1 in Spellcasting
 14475 | Lair:2   | Killed Maggie
 14649 | Lair:2   | Found a dark tunnel.
 14673 | Volcano  | Entered a volcano
 14673 | Volcano  | Found a bloodstained altar of Trog.
 14879 | Volcano  | Reached skill level 1 in Evocations
 15365 | Lair:2   | Noticed an eight-headed hydra
 15381 | Lair:2   | Killed an eight-headed hydra
 15542 | Lair:2   | Found a staircase to the Snake Pit.
 15618 | Lair:2   | Noticed a five-headed hydra
 15628 | Lair:2   | Killed a five-headed hydra
 15632 | Lair:2   | Found the +1 robe of Vines {NoPotionHeal Regen++++}
 15633 | Lair:2   | Noticed a seven-headed hydra
 15653 | Lair:2   | Killed a seven-headed hydra
 16078 | Lair:2   | Noticed Prince Ribbit
 16093 | Lair:2   | Reached XP level 13. HP: 110/111 MP: 16/16
 16101 | Lair:2   | Killed Prince Ribbit
 17401 | Lair:3   | Found a staircase to the Swamp.
 17721 | Lair:4   | Reached skill level 10 in Fighting
 17729 | Lair:4   | Reached skill level 5 in Necromancy
 17946 | Lair:4   | Reached skill level 18 in Axes
 17946 | Lair:4   | Reached skill level 10 in Armour
 18168 | Lair:4   | Found a staircase to the Slime Pits.
 18168 | Lair:4   | Found a viscous altar of Jiyva.
 18368 | Lair:4   | Identified the +6 scale mail of Renlaer {^Drain rPois rF+++
                  | Regen+}
 18684 | D:11     | Found a gate leading to a gauntlet.
 18750 | Gauntlet | Entered a Gauntlet
 18750 | Gauntlet | Found a transporter.
 18750 | Gauntlet | Found a transporter.
 18750 | Gauntlet | Found a transporter.
 18771 | Gauntlet | Found a transporter.
 18781 | Gauntlet | Found a transporter.
 18784 | Gauntlet | Found a transporter.
 18794 | Gauntlet | Found a transporter.
 18813 | Gauntlet | Found a transporter.
 18827 | Gauntlet | Found a transporter.
 18830 | Gauntlet | Found a transporter.
 18838 | Gauntlet | Found a transporter.
 18841 | Gauntlet | Found a transporter.
 19147 | Gauntlet | Identified the +2 hat "Butzilao" {Harm Rampage rF- Int+2}
 19172 | Gauntlet | Identified the +4 tower shield of the Mashing Gods {Rampage
                  | Dex+4}
 19172 | Gauntlet | Identified the ring "Ceze" {Wiz ^Drain Str+5}
 19172 | Gauntlet | Noticed a minotaur
 19186 | Gauntlet | HP: 4/171 [minotaur/+2 spear of freezing (10)]
 19192 | Gauntlet | Killed a minotaur
 19453 | Gauntlet | Reached XP level 14. HP: 93/122 MP: 20/20
 20416 | D:12     | Found an iron altar of Okawaru.
 20928 | Orc:1    | Entered Level 1 of the Orcish Mines
 20949 | Orc:1    | Noticed Harold
 20959 | Orc:1    | Killed Harold
 20960 | Orc:1    | Reached skill level 5 in Spellcasting
 21180 | Orc:2    | Entered Level 2 of the Orcish Mines
 21726 | Orc:2    | Learned a level 3 spell: Vampiric Draining
 21735 | Orc:2    | Noticed Rupert
 21754 | Orc:2    | Killed Rupert
 21770 | Orc:2    | Found a staircase to the Elven Halls.
 21993 | Orc:2    | Noticed Nergalle
 22034 | Orc:2    | Killed Nergalle
 22204 | Orc:2    | Noticed an orc warlord
 22264 | Orc:2    | Killed an orc warlord
 22299 | Orc:2    | Found a roughly hewn altar of Beogh.
 22484 | Orc:2    | Noticed Snorg
 22528 | Orc:2    | Killed Snorg
 22529 | Orc:2    | Reached skill level 15 in Shields
 22812 | Orc:2    | Found a roughly hewn altar of Beogh.
 22862 | Orc:2    | Found Mug Wasch's Antique Armour Emporium.
 22930 | Orc:2    | Found Udofunk's Antique Weapon Emporium.
 22945 | Orc:2    | Found Ipty's Jewellery Emporium.
 22961 | Orc:2    | Found Kiruogaij's General Store.
 22968 | Orc:2    | Bought a potion of curing for 42 gold pieces
 22968 | Orc:2    | Bought a scroll of teleportation for 42 gold pieces
 22984 | Orc:2    | Bought a warped war axe for 331 gold pieces
 22984 | Orc:2    | Identified the +6 war axe of the Imperium {chaos, *Noise
                  | rC++} (You bought it in a shop on level 2 of the Orcish
                  | Mines)
 23004 | Orc:2    | Bought a runed helmet for 195 gold pieces
 23004 | Orc:2    | Bought a dazzling cloak for 247 gold pieces
 23004 | Orc:2    | Identified the +1 cloak of Prudence {Slay+5 SInv} (You
                  | bought it in a shop on level 2 of the Orcish Mines)
 23241 | Lair:5   | Entered Level 5 of the Lair of Beasts
 23244 | Lair:5   | Bought a twisted scale mail for 234 gold pieces
 23244 | Lair:5   | Identified the +5 scale mail of Seuwketu {rCorr} (You
                  | bought it in a shop on level 5 of the Lair of Beasts)
 23492 | Lair:5   | Reached XP level 15. HP: 128/128 MP: 24/24
 23867 | Lair:5   | Found the +6 lightning scales {swift, rElec}
 23879 | Lair:5   | Identified the +0 scale mail of the Doldrums {rC- rN+
                  | Slay+3}
 24752 | D:3      | Killed bochi's ghost
 25052 | D:13     | Noticed Erolcha
 25070 | D:13     | Killed Erolcha
 25526 | D:13     | Found a gate to the Vaults.
 26260 | D:14     | Noticed Frances
 26289 | D:14     | Killed Frances
 26316 | D:14     | Noticed Roxanne
 26331 | D:14     | Killed Roxanne
 26489 | D:14     | a slime creature changed into a storm dragon
 26489 | D:14     | Noticed a storm dragon
 26493 | D:14     | Killed a storm dragon
 26516 | D:14     | Reached skill level 10 in Necromancy
 26667 | D:14     | Learned a level 4 spell: Dispel Undead
 26673 | D:14     | Learned a level 5 spell: Curse of Agony
 26678 | D:14     | Learned a level 4 spell: Martyr's Knell
 26724 | D:14     | You fall into a shaft and drop 1 floor!
 26724 | D:15     | Entered Level 15 of the Dungeon
 26744 | D:15     | Reached skill level 1 in Long Blades
 26765 | D:15     | Reached XP level 16. HP: 96/135 MP: 25/27
 27188 | D:15     | Reached skill level 5 in Long Blades
 27500 | D:15     | Found Esugekh's Weapon Shoppe.
 27524 | D:15     | Found a staircase to the Depths.
 27635 | D:15     | Noticed Agnes
 27654 | D:15     | Killed Agnes
 28275 | Snake:1  | Entered Level 1 of the Snake Pit
 28593 | D:14     | Bought the -2 hat of the Alchemist {rElec rPois rF+ rC+ rN+
                  | Will+ rMut rCorr} for 944 gold pieces
 28593 | D:14     | Found the -2 hat of the Alchemist {rElec rPois rF+ rC+ rN+
                  | Will+ rMut rCorr}
 29593 | Snake:1  | Identified the +11 quarterstaff of a sewer {venom, Int+3}
 30110 | Snake:2  | Reached skill level 1 in Stealth
 30147 | Snake:2  | Got the Atlas of the Congregated Blink Frog
 30162 | Snake:2  | Reached skill level 1 in Dodging
 31484 | Snake:2  | Reached XP level 17. HP: 64/143 MP: 28/28
 33073 | D:14     | Bought the +8 plate armour of Nukueshys {rN+ Str+2} for
                  | 1019 gold pieces
 33141 | D:14     | Bought a +0 pair of boots of stealth for 230 gold pieces
 33298 | Swamp:1  | Entered Level 1 of the Swamp
 34894 | D:14     | Bought a +2 pair of gloves of infusion for 430 gold pieces
 35130 | Snake:4  | Entered Level 4 of the Snake Pit
 35187 | Snake:4  | Reached skill level 19 in Axes
 35888 | Snake:3  | Learned a level 4 spell: Anguish
 35923 | Snake:3  | Noticed Azrael
 35941 | Snake:3  | Killed Azrael
 36144 | Snake:3  | Found a burning altar of Makhleb.
 36808 | Snake:4  | Identified the +9 war axe of Pamm {pain, *Rage rC++ Will+}
 36921 | Snake:4  | Reached XP level 18. HP: 154/154 MP: 21/30
 37707 | Snake:4  | Got a serpentine rune of Zot
 39286 | Swamp:3  | Noticed Jorgrun
 39294 | Swamp:3  | Killed Jorgrun
 39572 | Swamp:3  | Identified a scroll of acquirement
 39655 | Swamp:3  | Acquired 714 gold pieces
 40216 | Swamp:4  | Entered Level 4 of the Swamp
 41054 | Swamp:4  | HP: 7/154 [spriggan druid/angry trees (9)]
 41054 | Swamp:4  | HP: 3/154 [constriction (4)]
 41055 | Swamp:4  | Slain by a +0 spectral quarterstaff

Illustrated notes

Levels and vault maps discovered:
D:1:      shiori_arrival_oz, layout_basic
D:2:      layout_basic, shapermc_ecumenical_altar_ellora, serial_bayou_pond_a,
          hangedman_decor_points
D:3:      layout_rooms, gammafunk_ghost_icy, item_on_display_a
D:4:      layout_cave_pools, mainiacjoe_overflow_six_doors_small, temple_green,
          serial_shops, shop
D:5:      layout_basic, mainiacjoe_overflow_catwalk_spiral,
          portal_sewer_entry_c, uniq_pikel
D:6:      layout_layer_cave, xom_teletrap_fun, serial_bayou_pond_b
D:7:      layout_loops_corners, lemuel_coloured_pillars_altar
D:8:      layout_basic, trog_butcher_becter
D:9:      layout_basic, mainiacjoe_overflow_tiny_flanked
D:10:     layout_irregular_city, marbit_many_paths,
          gammafunk_temple_overflow_wave, lair_entry_dummy, zombieorc2_lemuel,
          uniq_urug
D:11:     layout_irregular_city, gauntlet_entry_generic
D:12:     layout_small_grid, okawaru_altar_gauntlet_db
D:13:     layout_basic, grunt_vaults_entry_tiered,
          hellmonk_guarded_unrand_dark_maul, uniq_erolcha
D:14:     layout_cave_pools, minmay_misc_feat_pillars, grunt_ministairs_9,
          uniq_frances, uniq_roxanne
D:15:     hellmonk_depths_entry_around_the_bend, layout_loops_ring,
          serial_shops, shop, serial_undead, serial_undead_d, serial_undead_b,
          serial_undead_c, serial_undead_d, serial_undead_c, serial_undead_d,
          serial_undead_f, serial_park_square3 [serial_park_minivault_5x5_5],
          uniq_agnes
Temple:   hellmonk_temple_flake
Lair:1:   layout_roguey, portal_ice_cave_entry_ice_simulacra,
          infiniplex_staircase_pool
Lair:2:   layout_loops_ring, guppyfry_snake_entry_island,
          nicolae_volcano_entry_hallway, hellmonk_guarded_unrand_vines,
          uniq_maggie, uniq_prince_ribbit2
Lair:3:   layout_hall_layers, mainiacjoe_swamp_entry_lozenge_pond
Lair:4:   layout_misc_corridors, slime_entry_1, chequers_serial_rivers_small_a,
          st_stairs_13, lemuel_fruit_fields
Lair:5:   grunt_lair_end_beastmaster, layout_loops_ring, lemuel_fruit_fields
Swamp:1:  layout_falls_marsh, serial_swamp_ruin, evilmike_swamp_ruin_house_4,
          evilmike_swamp_ruin_house_5, evilmike_swamp_ruin_house_1
Swamp:2:  layout_basic_swamp, evilmike_swamp_ruin_house_3
Swamp:3:  layout_basic_swamp, nicolae_swamp_very_dense_foliage, swamp_pool_4,
          uniq_jorgrun
Swamp:4:  swamp, layout_basic_swamp, swamp_pool_3
Snake:1:  layout_cave_shapes
Snake:2:  layout_chambers, nrook_guardian_serpent_double
Snake:3:  layout_chambers, basic_altar, nicolae_snake_gridmaze_squiggle,
          serial_library_regret_index_turning, st_stairs_12, uniq_azrael
Snake:4:  snake_pit, layout_layer_cave, nicolae_zig_zag_zippers
Orc:1:    layout_caves, uniq_harold
Orc:2:    grunt_orc_cross, layout_diamond_mine, basic_altar, uniq_snorg,
          uniq_rupert

Skill      XL: |  1  2  3  4  5  6  7  8  9 10 11 12 13 14 15 16 17 18 |
---------------+-------------------------------------------------------+-----
Axes           | 3 4 5 6 7 10 11 14 16 17 18 19 | 19.1
Shields        | 4 5 7 8 9 11 12 13 15 17 18 | 18.6
Fighting       | 7 9 10 11 | 11.9
Armour         | 7 9 10 11 12 13 14 | 14.0
Necromancy     | 3 6 8 10 11 14 | 14.1
Spellcasting   | 2 4 6 7 8 9 |  9.9
Evocations     | 2 3 |  3.0
Long Blades    | 2 7 |  7.3
Stealth        | 2 4 |  4.0
Dodging        | 1 3 |  3.7

Action                     |  1- 3 |  4- 6 |  7- 9 | 10-12 | 13-15 | 16-18 || total
---------------------------+-------+-------+-------+-------+-------+-------++-------
  Melee: War axe           |   141 |   114 |   395 |   822 |  1358 |  1138 ||  3968
         Whip              |       |       |       |    18 |       |    78 ||    96
         Katana            |       |       |       |       |       |    13 ||    13
   Cast: Vampiric Draining |       |       |       |       |    24 |    47 ||    71
         Dispel Undead     |       |       |       |       |     1 |     2 ||     3
 Invoke: Potion Petition   |       |       |       |     1 |       |       ||     1
         Call Merchant     |       |       |       |     1 |     3 |     2 ||     6
  Evoke: Wand              |       |       |     5 |    18 |       |       ||    23
    Use: Potion            |       |     6 |     4 |     5 |     5 |     2 ||    22
         Scroll            |       |     6 |     8 |     5 |    13 |    12 ||    44
   Stab: Distracted        |       |       |       |     2 |     6 |    12 ||    20
         Paralysed         |       |       |       |    10 |     3 |       ||    13
         Petrifying        |       |       |       |       |     2 |       ||     2
         Confused          |       |       |       |       |     5 |    10 ||    15
         Petrified         |       |       |       |       |     2 |       ||     2
         Held in net/web   |       |       |       |       |     1 |       ||     1
 Armour: Scale mail        |    89 |   103 |   109 |       |   122 |    85 ||   508
         Plate armour      |       |       |   186 |   493 |    11 |   405 ||  1095
         Skin              |       |       |       |    18 |       |       ||    18
         Chain mail        |       |       |       |    86 |       |       ||    86
         Fire dragon scale |       |       |       |    16 |   366 |   144 ||   526
  Dodge: Dodged            |    56 |    73 |   105 |   129 |   166 |   141 ||   670
  Block: Buckler           |    46 |    38 |   164 |   338 |   169 |       ||   755
         Reflection        |       |       |     5 |       |    34 |   166 ||   205
         Tower shield      |       |       |       |       |  1021 |  1605 ||  2626

Table legend: (Time is in decaauts)
 A = Elapsed time spent in this place.
 B = Non-inter-level travel time spent in this place.
 C = Inter-level travel time spent in this place.
 D = Time resting spent in this place.
 E = Time spent auto-exploring this place.
 F = Levels seen in this place.
 G = Mean time per level.
                   A        B        C        D        E       F      G
               +--------+--------+--------+--------+--------+-----+--------+
         Total |  40939 |  37593 |   3346 |   7588 |  22741 |  35 | 1169.7 |
       Dungeon |  16082 |  14340 |   1742 |   1922 |   9687 |  15 | 1072.1 |
        Temple |      1 |      1 |      0 |      0 |      0 |   1 |    1.0 |
          Lair |   6339 |   5377 |    962 |    633 |   3657 |   5 | 1267.8 |
         Swamp |   4253 |   4143 |    110 |   1424 |   2107 |   4 | 1063.2 |
     Snake Pit |   7710 |   7275 |    435 |   1106 |   5194 |   4 | 1927.5 |
  Orcish Mines |   2145 |   2050 |     95 |    164 |   1285 |   2 | 1072.5 |
         Sewer |    625 |    625 |      0 |    105 |    199 |   1 |  625.0 |
      Ice Cave |   2359 |   2359 |      0 |   1592 |    337 |   1 | 2359.0 |
       Volcano |    601 |    601 |      0 |    353 |     29 |   1 |  601.0 |
      Gauntlet |    820 |    820 |      0 |    286 |    245 |   1 |  820.0 |
               +--------+--------+--------+--------+--------+-----+--------+

Top non-repeatable levels by time:
 Snake:3: 2768 daAuts
   IceCv: 2359 daAuts
 Snake:2: 1935 daAuts
 Snake:4: 1827 daAuts
  Lair:2: 1792 daAuts
     D:6: 1672 daAuts
   Orc:2: 1602 daAuts
 Swamp:3: 1489 daAuts
     D:2: 1375 daAuts
    D:13: 1303 daAuts
     D:5: 1244 daAuts
  Lair:1: 1244 daAuts
     D:7: 1242 daAuts
  Lair:3: 1225 daAuts
    D:15: 1190 daAuts
